 Seeded DCSS version 0.30-a0-168-g0b976cbdc4 (webtiles) character file.

Game seed: 12090914615902206718 (custom seed)

497 valliere the Sneak (level 7, -4/40 HPs)
             Began as a Kobold Enchanter on Sept 29, 2022.
             Slain by an orc warrior
             ... wielding a +0 flail
              (10 damage)
             ... on level 4 of the Dungeon.
             The game lasted 00:06:12 (3896 turns).

valliere the Sneak (Kobold Enchanter)               Turns: 3896, Time: 00:06:14

Health: -4/40      AC:  4    Str: 12    XL:     7   Next: 38%
Magic:  10/10      EV: 15    Int: 15    God:
Gold:   179        SH:  0    Dex: 17    Spells: 8/10 levels left

rFire   . . .      SeeInvis +    k - +8 dagger of Currency {drain, Str+7 Int-2 SInv}
rCold   . . .      Faith    .    (no shield)
rNeg    . . .      Spirit   .    q - +0 leather armour
rPois   .          Reflect  .    (no helmet)
rElec   .          Harm     .    (no cloak)
rCorr   .          Rampage  .    o - +0 pair of gloves
Will    .....                    (no boots)
Stlth   ++........               (no amulet)
HPRegen 0.13/turn                (no ring)
MPRegen 0.12/turn                (no ring)

@: confused
A: small, no large weapons, nightstalker 3
a: no special abilities


You were on level 4 of the Dungeon.
You visited 1 branch of the dungeon, and saw 4 of its levels.

You collected 179 gold pieces.

Inventory:

Hand Weapons
 a - a +1 dagger
 k - the +8 dagger of Currency (weapon) {drain, Str+7 Int-2 SInv}
   (You found it on level 2 of the Dungeon)

   A truly terrible weapon, it drains the life of any living foe it strikes.
   Str:       It affects your strength (+7).
   Int:       It affects your intelligence (-2).
   SInv:      It lets you see invisible.
Missiles
 l - 2 poisoned darts (quivered)
Armour
 b - a +0 robe
 f - a +0 ring mail
 o - a +0 pair of gloves (worn)
 q - a +0 leather armour (worn)
Wands
 t - a wand of iceblast (9)
Scrolls
 d - 6 scrolls of identify {unknown}
 e - a scroll of vulnerability {unknown}
 g - a scroll of poison {unknown}
 h - a scroll of blinking {unknown}
 m - a scroll of teleportation {unknown}
 n - a scroll of magic mapping {unknown}
 u - a scroll of fear {unknown}
Potions
 c - a potion of degeneration {unknown}
 i - 3 potions of brilliance {unknown}
 j - 2 potions of might {unknown}
 p - 2 potions of attraction {unknown}
 r - a potion of curing {unknown}
 s - 2 potions of heal wounds {unknown}


   Skills:
 + Level 2.5 Fighting
 * Level 5.2 Short Blades
 + Level 4.0 Dodging
 * Level 6.9 Stealth
 - Level 2.1 Spellcasting
 + Level 4.0 Hexes


You had 8 spell levels left.
You knew the following spells:

 Your Spells              Type           Power      Damage    Failure   Level
a - Ensorcelled Hibernat  Hex/Ice        14%        N/A       19%         2

Your spell library contained the following spells:

 Spells                   Type           Power      Damage    Failure   Level
 Confusing Touch          Hex            13%        N/A       16%         3
 Tukima's Dance           Hex            13%        N/A       16%         3
 Apportation              Tloc           2%         N/A       28%         1
 Dazzling Flash           Conj/Hex       14%        N/A       36%         3
 Portal Projectile        Hex/Tloc       14%        N/A       36%         3
 Cigotuvi's Dreadful Rot  Necr/Pois/Air  2%         N/A       38%         2
 Dispel Undead            Necr           1%         3d6       95%         4
 Alistair's Intoxication  Tmut/Pois      0%         N/A       100%        5
 Blade Hands              Tmut           0%         N/A       100%        5
 Death Channel            Necr           0%         N/A       100%        6


Dungeon Overview and Level Annotations

Branches:
Dungeon (4/15)
 Temple: D:4-7

Altars:

Annotations:
D:3 3 runed translucent doors


Innate Abilities, Weirdness & Mutations

You are small and have problems with some larger weapons.
You are completely attuned to the shadows.


Message History

You hit the ufetubus but do no damage. The ufetubus closely misses you.
The ufetubus misses you.
You puncture the ufetubus!
You kill the ufetubus!
No target in view!
Found a stone staircase leading down.
Found a war axe.
Found a stone staircase leading down.
An orc wizard comes into view. It is wielding a +0 dagger.
An orc warrior comes into view. It is wielding a +0 flail.
An orc comes into view. It is wielding a +0 club.
There is a stone staircase leading down here.
The orc warrior shouts!
The orc shouts!
The orc wizard hits you but does no damage.
You miss the orc wizard.
The orc wizard gestures at you while chanting.
You are confused.
You miss the orc wizard.
The orc wizard hits you with a +0 dagger.
The orc warrior closely misses you.
You hit the orc wizard. You drain the orc wizard.
The orc wizard is severely wounded.
You hit the orc warrior but do no damage.
The orc wizard hits you with a +0 dagger.
The orc hits you with a +0 club. The orc warrior misses you.
You bump into the rock wall.
The orc wizard misses you. The orc hits you with a +0 club.
The orc warrior hits you with a +0 flail!
You hit the orc. You drain the orc.
The orc is almost dead.
The orc wizard casts a spell at you.
The magic dart hits you but does no damage.
The orc completely misses you.
The orc warrior hits you with a +0 flail!
You bump into the rock wall.
The orc wizard casts a spell at you. The puff of flame hits you!
* * * LOW HITPOINT WARNING * * *
The orc misses you.
The orc warrior hits you with a +0 flail!
You die...

...>..#...##...
......#...######
.........##
#.......##
#......##
##...## ##...##
######..###
...o@>.##
...oo)..#
.........# ###
........## #.###
........# #...##
#....## ##......
#.......
#.......


You could see an orc warrior, an orc wizard (very drained) and an orc (very
drained).

Vanquished Creatures
  Sigmund (D:2)
  A scorpion (D:4)
  An orc priest (D:3)
  Ijyb (D:4)
  Terence (D:3)
  An orc wizard (D:3)
  Natasha (D:2)
  6 gnolls
  4 adders
  2 ufetubi (D:4)
  3 orcs
  2 bats
  3 endoplasms (D:3)
  A giant cockroach (D:1)
  A goblin (D:3)
  6 hobgoblins
  3 jackals (D:1)
  5 quokkas
  3 ball pythons
  5 frilled lizards
  2 kobolds
  3 rats
56 creatures vanquished.

Notes
Turn   | Place    | Note
-------+----------+-------------------------------------------
     0 | D:1      | valliere the Kobold Enchanter began the quest for the Orb.
     0 | D:1      | Reached XP level 1. HP: 10/10 MP: 3/3
   380 | D:1      | Reached XP level 2. HP: 15/16 MP: 5/5
  1398 | D:2      | Reached XP level 3. HP: 20/20 MP: 6/6
  1500 | D:2      | Identified the +8 dagger of Currency {drain, Str+7 Int-2
                  | SInv}
  1897 | D:2      | Noticed Sigmund
  1902 | D:2      | HP: 1/20 [Sigmund/+0 scythe (8)]
  1907 | D:2      | Killed Sigmund
  1908 | D:2      | Reached skill level 1 in Fighting
  1908 | D:2      | Reached skill level 5 in Stealth
  1908 | D:2      | Reached XP level 4. HP: 1/26 MP: 7/7
  1908 | D:2      | Reached XP level 5. HP: 2/30 MP: 8/8
  1908 | D:2      | Reached XP level 6. HP: 2/35 MP: 9/9
  2269 | D:2      | Noticed Natasha
  2273 | D:2      | Killed Natasha
  2274 | D:2      | Reached skill level 6 in Stealth
  2487 | D:2      | Learned a level 2 spell: Ensorcelled Hibernation
  2995 | D:3      | Found a faded altar of an unknown god.
  3096 | D:3      | Found a runed translucent gate.
  3096 | D:3      | Found a runed translucent gate.
  3096 | D:3      | Found a runed translucent gate.
  3107 | D:3      | Noticed Terence
  3111 | D:3      | Killed Terence
  3112 | D:3      | Reached XP level 7. HP: 40/40 MP: 10/10
  3481 | D:4      | Reached skill level 5 in Short Blades
  3776 | D:4      | Noticed Ijyb
  3791 | D:4      | Killed Ijyb
  3896 | D:4      | Slain by an orc warrior

Illustrated notes

Levels and vault maps discovered:
D:1:      minmay_arrival_checkered_box, layout_loops_corners, serial_forest,
          infiniplex_forest_fountain, infiniplex_forest_straight_2,
          infiniplex_forest_corner_1, infiniplex_forest_lined_room_2,
          infiniplex_forest_lined_1, infiniplex_forest_clump_tiny,
          roderic_lattice_a, minmay_pentomino_t2
D:2:      layout_loops_ring, kennysheep_generic_room_14, uniq_sigmund,
          uniq_natasha
D:3:      minmay_angry_zag, layout_basic, gammafunk_ghost_necromancy,
          basic_ecumenical_altar, uniq_terence
D:4:      layout_cave_pods, jmf_multi_god_temple, corexii_corridor_pit,
          uniq_ijyb

Skill      XL: |  1  2  3  4  5  6  7 |
---------------+----------------------+-----
Short Blades   | 2 4 5 |  5.2
Fighting       | 1 2 |  2.5
Dodging        | 3 4 |  4.0
Stealth        | 5 6 |  6.9
Hexes          | 4 |  4.0
Spellcasting   | |  2.1

Action                   |  1- 3 |  4- 6 |  7- 9 || total
-------------------------+-------+-------+-------++-------
Melee: Dagger            |    57 |    38 |    47 ||   142
       Punch             |       |       |     1 ||     1
Throw: Dart              |       |     2 |       ||     2
 Cast: Ensorcelled Hiber |       |       |     1 ||     1
  Use: Potion            |     1 |     1 |       ||     2
 Stab: Sleeping          |     9 |     7 |     2 ||    18
       Invisible         |     1 |     4 |       ||     5
Armor: Robe              |     2 |       |       ||     2
       Ring mail         |    16 |     1 |       ||    17
       Leather armour    |       |     5 |     4 ||     9
Dodge: Dodged            |    29 |    19 |    39 ||    87

Table legend: (Time is in decaauts)
 A = Elapsed time spent in this place.
 B = Non-inter-level travel time spent in this place.
 C = Inter-level travel time spent in this place.
 D = Time resting spent in this place.
 E = Time spent auto-exploring this place.
 F = Levels seen in this place.
 G = Mean time per level.
                   A        B        C        D        E       F      G
               +--------+--------+--------+--------+--------+-----+--------+
         Total |   3870 |   3676 |    194 |      0 |   3258 |   4 |  967.5 |
       Dungeon |   3870 |   3676 |    194 |      0 |   3258 |   4 |  967.5 |
               +--------+--------+--------+--------+--------+-----+--------+

Top non-repeatable levels by time:
     D:1: 1656 daAuts
     D:3: 1103 daAuts
     D:2: 825 daAuts
     D:4: 285 daAuts
